General information
- name: BNet
- type: Ladder team game (AT/RT)
- host: Battle.net
- saver: Maloriak
map: GolemsInTheMist
- players: 8
- length: 18:03
- speed: Fast
- version: 1.26 W3XP
- replay type: Public
» download(107 KB)
Players
team 1 (loser)

»
ManDime (
red | 58 APM | 868 actions | 14:57)
2 Crypt Lord
1 Carrion Beetles
1 Impale
» actions
| Assign group hotkey | 4 | |
| Basic commands | 54 | |
| Build / train | 40 | |
| Enter build submenu | 12 | |
| Enter hero's abilities submenu | 2 | |
| Right click | 486 | |
| Select / deselect | 244 | |
| Select group hotkey | 1 | |
| Use ability | 25 | |
868 total
» units
| Acolyte | 5 | |
| Ghoul | 19 | |
| Crypt Fiend | 2 | |
26 total
» upgrades
| Unholy Armor | 1 | |
| Unholy Strength | 1 | |
| Web | 1 | |
3 total
» buildings
| Crypt | 2 | |
| Graveyard | 1 | |
| Altar of Darkness | 1 | |
| Ziggurat | 4 | |
| Tomb of Relics | 1 | |
| Nerubian Tower | 1 | |
| Spirit Tower | 1 | |
| Halls of the Dead | 1 | |
12 total
» build order
00:13 Crypt
00:24 Graveyard
00:59 Altar of Darkness
01:11 Ziggurat
01:40 Tomb of Relics
02:17 Ziggurat
02:28 Nerubian Tower
02:56 Ziggurat
03:43 Crypt
09:46 Spirit Tower
10:11 Halls of the Dead
10:23 Ziggurat
» items
| Rod of Necromancy | 1 | |
| Sacrificial Skull | 1 | |
| Scroll of Town Portal | 1 | |
| Potion of Healing | 1 | |
| Potion of Mana | 1 | |
5 total
dawgpound_brown (
blue | 38 APM | 584 actions | 15:31)
4 Paladin
1 Holy Light
2 Devotion Aura
1 Divine Shield
1 Archmage
1 Summon Water Elemental
» actions
| Build / train | 76 | |
| Enter build submenu | 36 | |
| Enter hero's abilities submenu | 5 | |
| Right click | 176 | |
| Select / deselect | 229 | |
| Use ability | 62 | |
584 total
» units
| Peasant | 19 | |
| Footman | 12 | |
| Rifleman | 6 | |
| Goblin Shredder | 1 | |
| Knight | 6 | |
| Gryphon Rider | 7 | |
51 total
» upgrades
| Defend | 1 | |
| Swords | 1 | |
| Plating | 1 | |
| Lumber Harvesting | 1 | |
4 total
» buildings
| Altar of Kings | 1 | |
| Barracks | 2 | |
| Farm | 13 | |
| Town Hall | 1 | |
| Scout Tower | 12 | |
| Lumber Mill | 1 | |
| Blacksmith | 1 | |
| Arcane Vault | 1 | |
| Keep | 1 | |
| Guard Tower | 10 | |
| Castle | 1 | |
| Gryphon Aviary | 2 | |
46 total
» build order
01:11 Altar of Kings
01:14 Barracks
01:21 Barracks
01:24 Farm
01:29 Farm
02:09 Farm
02:12 Farm
03:00 Farm
05:00 Town Hall
05:04 Scout Tower
05:07 Scout Tower
05:12 Scout Tower
05:15 Farm
05:59 Lumber Mill
06:27 Farm
07:08 Blacksmith
07:11 Arcane Vault
07:35 Keep
07:41 Farm
07:42 Guard Tower
07:43 Guard Tower
07:44 Guard Tower
08:37 Farm
08:44 Farm
10:15 Castle
10:20 Gryphon Aviary
10:22 Gryphon Aviary
11:11 Scout Tower
11:15 Scout Tower
11:21 Scout Tower
11:48 Scout Tower
11:53 Scout Tower
11:57 Scout Tower
12:00 Scout Tower
12:09 Farm
12:12 Guard Tower
12:34 Guard Tower
12:35 Guard Tower
12:36 Guard Tower
12:46 Farm
12:49 Farm
12:54 Guard Tower
12:55 Guard Tower
13:02 Scout Tower
13:18 Guard Tower
13:22 Scout Tower
» items

»
GHETTO_FORSAKEN (
purple | 45 APM | 649 actions | 14:26)
1 Death Knight
1 Death Coil
» actions
| Assign group hotkey | 17 | |
| Basic commands | 102 | |
| Build / train | 28 | |
| ESC pressed | 3 | |
| Enter build submenu | 15 | |
| Enter hero's abilities submenu | 1 | |
| Right click | 143 | |
| Select / deselect | 192 | |
| Select group hotkey | 124 | |
| Use ability | 23 | |
649 total
» units
| Acolyte | 4 | |
| Ghoul | 11 | |
| Goblin Shredder | 1 | |
16 total
» upgrades
| Unholy Strength | 1 | |
| Unholy Armor | 1 | |
2 total
» buildings
| Altar of Darkness | 1 | |
| Crypt | 1 | |
| Ziggurat | 6 | |
| Nerubian Tower | 2 | |
| Graveyard | 1 | |
| Tomb of Relics | 1 | |
| Spirit Tower | 3 | |
| Halls of the Dead | 1 | |
| Black Citadel | 1 | |
17 total
» build order
00:18 Altar of Darkness
00:29 Crypt
00:58 Ziggurat
01:00 Ziggurat
01:07 Ziggurat
01:51 Nerubian Tower
01:55 Graveyard
02:46 Tomb of Relics
02:57 Ziggurat
03:42 Spirit Tower
04:44 Halls of the Dead
05:01 Spirit Tower
05:03 Ziggurat
06:22 Nerubian Tower
07:23 Ziggurat
07:29 Black Citadel
08:40 Spirit Tower
» items

»
here4funonly (
green | 34 APM | 610 actions | 18:02)
3 Tauren Chieftain
2 Endurance Aura
1 War Stomp
1 Shadow Hunter
1 Healing Wave
» actions
| Assign group hotkey | 7 | |
| Build / train | 42 | |
| Enter build submenu | 11 | |
| Enter hero's abilities submenu | 4 | |
| Give item / drop item | 2 | |
| Right click | 327 | |
| Select / deselect | 152 | |
| Select group hotkey | 30 | |
| Use ability | 35 | |
610 total
» units
» upgrades
| Pillage | 1 | |
| Melee Weapons | 1 | |
| Armor | 1 | |
| Berserker Strength | 1 | |
| Ensnare | 1 | |
5 total
» buildings
| Orc Burrow | 4 | |
| Altar of Storms | 1 | |
| Barracks | 1 | |
| Voodoo Lounge | 1 | |
| War Mill | 1 | |
| Stronghold | 1 | |
| Beastiary | 2 | |
| Fortress | 1 | |
12 total
» build order
00:20 Orc Burrow
00:35 Altar of Storms
00:52 Barracks
01:45 Orc Burrow
02:08 Orc Burrow
02:21 Orc Burrow
03:21 Voodoo Lounge
03:34 War Mill
05:31 Stronghold
09:42 Beastiary
09:48 Beastiary
10:07 Fortress
» items
| Healing Salve | 2 | |
| Scroll of Regeneration | 1 | |
| Scroll of Town Portal | 2 | |
5 total
team 2 (winner)
Openn (
yellow | 61 APM | 1099 actions | 18:03)
6 Death Knight
3 Death Coil
2 Unholy Aura
1 Animate Dead
4 Dreadlord
2 Sleep
2 Vampiric Aura
» actions
| Assign group hotkey | 10 | |
| Basic commands | 103 | |
| Build / train | 49 | |
| ESC pressed | 2 | |
| Enter build submenu | 21 | |
| Enter hero's abilities submenu | 11 | |
| Give item / drop item | 1 | |
| Right click | 325 | |
| Select / deselect | 256 | |
| Select group hotkey | 278 | |
| Use ability | 42 | |
1099 total
» units
| Acolyte | 4 | |
| Ghoul | 3 | |
| Crypt Fiend | 11 | |
| Frost Wyrm | 4 | |
22 total
» upgrades
| Burrow | 1 | |
| Web | 1 | |
| Creature Attack | 3 | |
| Creature Carapace | 4 | |
| Freezing Breath | 1 | |
10 total
» buildings
| Altar of Darkness | 1 | |
| Ziggurat | 7 | |
| Crypt | 2 | |
| Graveyard | 1 | |
| Tomb of Relics | 1 | |
| Nerubian Tower | 3 | |
| Halls of the Dead | 1 | |
| Black Citadel | 1 | |
| Sacrificial Pit | 1 | |
| Boneyard | 1 | |
| Necropolis | 1 | |
20 total
» build order
00:10 Altar of Darkness
00:15 Ziggurat
00:39 Crypt
01:18 Ziggurat
01:42 Ziggurat
01:48 Graveyard
02:52 Tomb of Relics
03:06 Ziggurat
03:19 Nerubian Tower
03:25 Nerubian Tower
04:36 Halls of the Dead
05:02 Nerubian Tower
06:34 Ziggurat
07:03 Black Citadel
08:35 Ziggurat
08:41 Sacrificial Pit
08:53 Ziggurat
09:36 Crypt
09:41 Boneyard
16:55 Necropolis
courtneylove (
pink | 27 APM | 489 actions | 18:02)
4 Warden
1 Fan of Knives
2 Shadow Strike
1 Blink
3 Priestess of the Moon
1 Scout
1 Trueshot Aura
1 Searing Arrows
» actions
| Basic commands | 39 | |
| Build / train | 58 | |
| ESC pressed | 1 | |
| Enter build submenu | 16 | |
| Enter hero's abilities submenu | 7 | |
| Right click | 87 | |
| Select / deselect | 217 | |
| Use ability | 64 | |
489 total
» units
| Wisp | 15 | |
| Archer | 5 | |
| Huntress | 2 | |
| Goblin Shredder | 1 | |
| Druid of the Claw | 6 | |
| Mountain Giant | 3 | |
| Dryad | 2 | |
34 total
» upgrades
| Strength of the Moon | 1 | |
| Druid of the Claw Training | 2 | |
| Sentinel | 1 | |
| Reinforced Hides | 2 | |
| Mark of the Claw | 1 | |
| Strength of the Wild | 1 | |
| Abolish Magic | 1 | |
| Hardened Skin | 1 | |
| Resistant Skin | 1 | |
11 total
» buildings
| Altar of Elders | 1 | |
| Moon Well | 8 | |
| Ancient of War | 1 | |
| Ancient of Wonders | 1 | |
| Hunter's Hall | 1 | |
| Tree of Ages | 1 | |
| Ancient of Lore | 2 | |
| Tree of Eternity | 1 | |
| Tree of Life | 1 | |
| Ancient of Wind | 1 | |
18 total
» build order
00:08 Altar of Elders
00:21 Moon Well
00:36 Ancient of War
01:29 Moon Well
02:02 Ancient of Wonders
02:18 Moon Well
02:53 Hunter's Hall
04:05 Tree of Ages
05:33 Moon Well
06:31 Ancient of Lore
06:40 Ancient of Lore
08:27 Tree of Eternity
09:50 Moon Well
09:56 Tree of Life
10:53 Ancient of Wind
15:54 Moon Well
16:33 Moon Well
18:00 Moon Well

»
Maloriak (
orange | 49 APM | 888 actions | 18:03)
5 Blademaster
2 Wind Walk
3 Critical Strike
» actions
| Assign group hotkey | 125 | |
| Basic commands | 58 | |
| Build / train | 50 | |
| ESC pressed | 3 | |
| Enter build submenu | 19 | |
| Enter hero's abilities submenu | 5 | |
| Give item / drop item | 1 | |
| Right click | 319 | |
| Select / deselect | 88 | |
| Select group hotkey | 173 | |
| Use ability | 47 | |
888 total
» units
| Peon | 17 | |
| Grunt | 4 | |
| Wind Rider | 4 | |
| Troll Batrider | 1 | |
| Goblin Sapper | 2 | |
28 total
» upgrades
| Armor | 1 | |
| Ranged Weapons | 3 | |
| Pillage | 1 | |
| Envenomed Spears | 1 | |
6 total
» buildings
| Orc Burrow | 6 | |
| Altar of Storms | 1 | |
| Voodoo Lounge | 1 | |
| War Mill | 2 | |
| Barracks | 1 | |
| Stronghold | 1 | |
| Watch Tower | 1 | |
| Beastiary | 3 | |
| Great Hall | 2 | |
| Fortress | 1 | |
19 total
» build order
00:21 Orc Burrow
00:39 Altar of Storms
00:53 Orc Burrow
01:23 Voodoo Lounge
01:45 War Mill
01:57 Barracks
02:13 Orc Burrow
04:37 Stronghold
04:49 Orc Burrow
04:53 Watch Tower
07:06 Beastiary
07:09 Beastiary
07:13 Beastiary
08:46 Great Hall
10:36 Great Hall
11:25 Fortress
13:17 Orc Burrow
13:20 Orc Burrow
13:47 War Mill
» items
| Healing Salve | 2 | |
| Lesser Clarity Potion | 3 | |
| Scroll of Town Portal | 1 | |
| Orb of Venom | 1 | |
| Dust of Appearance | 1 | |
8 total
Velexeleven (
teal | 24 APM | 438 actions | 18:03)
4 Keeper of the Grove
2 Force of Nature
2 Thorns Aura
» actions
| Build / train | 52 | |
| Enter build submenu | 18 | |
| Enter hero's abilities submenu | 4 | |
| Right click | 157 | |
| Select / deselect | 177 | |
| Use ability | 30 | |
438 total
» units
| Wisp | 17 | |
| Archer | 12 | |
| Hippogryph | 6 | |
35 total
» upgrades
| Strength of the Moon | 2 | |
| Reinforced Hides | 2 | |
| Strength of the Wild | 2 | |
| Moon Armor | 2 | |
| Improved Bows | 1 | |
| Hippogryph Taming | 1 | |
10 total
» buildings
| Altar of Elders | 1 | |
| Ancient of War | 2 | |
| Moon Well | 7 | |
| Tree of Ages | 1 | |
| Hunter's Hall | 1 | |
| Tree of Life | 3 | |
| Ancient of Wind | 2 | |
| Tree of Eternity | 1 | |
18 total
» build order
00:34 Altar of Elders
00:45 Ancient of War
01:08 Moon Well
02:13 Moon Well
03:49 Moon Well
03:59 Tree of Ages
05:23 Moon Well
05:42 Hunter's Hall
06:45 Ancient of War
08:20 Tree of Life
09:21 Ancient of Wind
09:24 Ancient of Wind
10:19 Moon Well
12:21 Moon Well
15:57 Tree of Life
17:36 Moon Well
17:52 Tree of Life
17:57 Tree of Eternity
Chat log
(04:01 / Allies) Openn: ?
(04:02 / Allies) courtneylove: wow..
(05:01 / Allies) Velexeleven: mine oj
(05:48 / Allies) Maloriak: hurry up and open it
(05:58 / Allies) Velexeleven: go away plz
(06:02 / All) Maloriak: lol
(06:08 / All) GHETTO_FORSAKEN: ?
(06:12 / All) Maloriak: teals telling me to go away from "his expo" before he opens and creeps it
(06:28 / Allies) Velexeleven: exactly
(06:37 / All) Maloriak: considering I was opening that expo first?
(06:51 / Allies) Velexeleven: whe
(06:53 / Allies) Velexeleven: when
(07:16 / Allies) Velexeleven: lol
(07:18 / All) Maloriak: IM SORY TEAL I THOUGHT THIS WAS A TEAM GAME
(07:19 / Allies) Velexeleven: didnt see
(07:33 / Allies) Velexeleven: its ok i forgive u
(08:29 / All) GHETTO_FORSAKEN: DamN
(08:32 / All) GHETTO_FORSAKEN: really thought I could repair that
(09:14 / All) GHETTO_FORSAKEN: Alright red
(09:16 / All) GHETTO_FORSAKEN: You only one
(09:19 / All) GHETTO_FORSAKEN: becasue you outplayed me
(09:45 / All) GHETTO_FORSAKEN: If i bothered using my wood ghouls
(09:47 / All) GHETTO_FORSAKEN: and towers more
(09:50 / All) GHETTO_FORSAKEN: THINGS COULD HAVE BEEN DIFFERENT
(09:58 / All) Maloriak: perhaps :P
(11:23 / All) GHETTO_FORSAKEN: Long story short, red killed me becuase he wanted 15% more attack speed on his crypt lord.
(11:25 / Allies) Openn: stay outside
(11:31 / All) Maloriak: lol
(11:39 / Allies) Openn: main
(11:41 / All) ManDime: no i killed you because you didnt help creep the lab and came and jacked the goh and tome
(11:48 / Allies) Openn: main
(11:49 / All) GHETTO_FORSAKEN: The goh
(11:52 / All) ManDime: douchebag move
(11:56 / All) GHETTO_FORSAKEN: OH MY GOD JC A GOH
(11:59 / All) GHETTO_FORSAKEN: A GOH
(12:02 / All) ManDime: u mad?
(12:12 / All) GHETTO_FORSAKEN: lol?
(12:16 / All) ManDime: i dont give a shit
(12:18 / All) GHETTO_FORSAKEN: how can you even say that
(12:19 / All) ManDime: u mad?
(12:28 / All) GHETTO_FORSAKEN: after you personally hunted me down
(12:31 / All) GHETTO_FORSAKEN: and killed all my shit
(12:38 / All) GHETTO_FORSAKEN: like really
(12:38 / All) ManDime: it is question of manners
(12:39 / All) GHETTO_FORSAKEN: Lol
(12:48 / All) ManDime: not anger
(12:51 / All) ManDime: putting you in place
(12:55 / Allies) Velexeleven: blue prob made lots of towers
(12:58 / All) Maloriak: lol i had teal standing around doing nothing because he didnt want me to help him creep his expo
(12:59 / All) GHETTO_FORSAKEN: Lol
(13:21 / All) Velexeleven: is that an accomplishment
(13:24 / All) Velexeleven: ?
(13:26 / All) ManDime: u guys woulda got pwned too
(13:27 / All) Maloriak: of course
(13:30 / All) ManDime: if purple wasnt a doucher
(14:16 / All) GHETTO_FORSAKEN: yeah i'm out
(14:21 / All) Maloriak: k
(14:44 / All) dawgpound_brown: my team sucked